 Dungeon Crawl Stone Soup version 0.27-a0-1565-gad902ab807 (webtiles) character file.

Game seed: 9438366078817885789

104512 Swapper the Severer (level 15, -8/121 (143) HPs)
             Began as a Minotaur Berserker on July 16, 2021.
             Was the Champion of Trog.
             Killed from afar by an orc sorcerer (32 damage)
             ... with a bolt of negative energy
             ... on level 2 of the Orcish Mines.
             The game lasted 01:53:43 (27170 turns).

Swapper the Severer (Minotaur Berserker)           Turns: 27170, Time: 01:53:44

HP:   -8/121 (143)  AC: 25    Str: 26    XL:     15   Next: 92%
MP:   4/4           EV: 17    Int:  4    God:    Trog [******]
Gold: 1353          SH:  5    Dex: 12    Spells: 14/14 levels left

rFire    + . .     SeeInvis .   b - +2 executioner's axe (antimagic)
rCold    . . .     Faith    .   (shield currently unavailable)
rNeg     . . .     Spirit   .   s - +1 plate armour
rPois    .         Reflect  +   (helmet restricted)
rElec    .         Harm     .   B - +0 cloak
rCorr    .         Rampage  .   D - +2 pair of gloves
Will     +++..                  n - +0 pair of boots
Stlth    ..........             K - amulet of reflection
HPRegen  1.30/turn              k - +4 ring of evasion
MPRegen  0.09/turn              J - ring of protection from fire

@: strong-willed, on berserk cooldown, regenerating, heavily drained
A: horns 2, retaliatory headbutt
a: Renounce Religion, Berserk, Trog's Hand, Brothers in Arms


You were on level 2 of the Orcish Mines.
You worshipped Trog.
Trog was exalted by your worship.
You visited 3 branches of the dungeon, and saw 21 of its levels.

You collected 1942 gold pieces.
You spent 589 gold pieces at shops.

Inventory:

Hand Weapons
 a - a +2 broad axe of flaming
 b - a +2 antimagic executioner's axe (weapon)
Missiles
 t - 36 poisoned darts (quivered)
 P - 2 throwing nets
Armour
 n - a +0 pair of boots (worn)
 s - a +1 plate armour (worn)
 B - a +0 cloak (worn)
 D - a +2 pair of gloves (worn)
Jewellery
 f - an amulet of regeneration
 k - a +4 ring of evasion (left hand)
 u - a ring of see invisible
 x - a ring of positive energy
 J - a ring of protection from fire (right hand)
 K - an amulet of reflection (around neck)
 Q - a ring of protection from cold
Wands
 r - a wand of iceblast (12)
 y - a wand of flame (35)
 E - a wand of acid (7)
 H - a wand of charming (2)
 I - a wand of paralysis (17)
 O - a wand of polymorph (6)
 W - a wand of mindburst (14)
Scrolls
 c - 5 scrolls of teleportation
 g - 3 scrolls of magic mapping
 h - a scroll of holy word
 l - 2 scrolls of silence
 m - 2 scrolls of immolation {unknown}
 o - 6 scrolls of identify
 p - 3 scrolls of fog
 A - 2 scrolls of torment
 C - 3 scrolls of enchant armour
 G - 3 scrolls of blinking
 L - 9 scrolls of enchant weapon
 N - a scroll of summoning
 T - a scroll of vulnerability {unknown}
 U - a scroll of fear
Potions
 d - 3 potions of flight
 e - 4 potions of lignification
 i - 8 potions of might
 j - 2 potions of attraction
 q - 9 potions of curing
 v - 5 potions of heal wounds
 w - 3 potions of mutation
 z - 5 potions of haste
 F - 3 potions of berserk rage
 R - 5 potions of magic
 S - a potion of invisibility
 V - a potion of resistance {unknown}
Miscellaneous
 X - a lightning rod (4/4)


   Skills:
 + Level 15.7 Fighting
 - Level 18.0 Axes
 + Level 15.6 Armour
 + Level 14.4 Dodging
 * Level 6.9 Evocations


You had 14 spell levels left.
You didn't know any spells.
Your spell library was empty.

Dungeon Overview and Level Annotations

Branches:
Dungeon (13/15)            Temple (0/1) D:5            Lair (6/6) D:11
  Swamp (0/4) Lair:2        Snake (0/4) Lair:3        Slime (0/5) Lair:5
    Orc (2/2) D:10            Elf (0/3) Orc:2        Vaults (0/5) D:13

Altars:
Ashenzari
Cheibriados
Elyvilon
Fedhas
Gozag
Kikubaaqudgha
Makhleb
Okawaru
Qazlal
Ru
Uskayaw
Wu Jian
Yredelemnul
Zin
Beogh
Jiyva

Shops:
D:5 (   D:11 ?   D:13 *   Orc:2 (!!

Portals:
Trove: D:13 (show slimy rune of Zot)


Innate Abilities, Weirdness & Mutations

You have a pair of horns on your head.
You reflexively headbutt those who attack you in melee.


Message History

The orc sorcerer falters for a moment.
You hit the orc sorcerer but do no damage.
The orc sorcerer is heavily wounded.
You slice the orc sorcerer!!
The orc sorcerer's magic leaks into the air.
You miss the orc sorcerer.
The red devil hits you but does no damage.
The orc sorcerer gestures wildly while chanting.
The orc wizard gestures wildly while chanting.
The orc wizard flickers and vanishes!
Deactivating autopickup; reactivate with Ctrl-A.
The orc sorcerer hits you but does no damage.
The orc sorcerer closely misses you. You furiously retaliate!
You headbutt the orc sorcerer. The sixfirhy closely misses you.
The sixfirhy hits you but does no damage.
The sixfirhy hits you. The sixfirhy shocks you!
The sixfirhy hits you but does no damage. x2
The red devil hits you but does no damage.
The sixfirhy completely misses you.
The sixfirhy hits you but does no damage.
The orc sorcerer points at you and mumbles some strange words.
The bolt of negative energy hits the sixfirhy.
The sixfirhy completely resists.
The bolt of negative energy hits you!
You feel drained.
Your skin stops crawling.
You feel less strong-willed.
The orc sorcerer points at you and mumbles some strange words.
The bolt of negative energy misses you.
Your skin crawls.
You feel strong-willed. You block the orc sorcerer's attack.
The orc sorcerer hits you with a +0 dagger.
The red devil disappears in a puff of smoke!
The orc sorcerer casts a spell at you. The bolt of fire hits you!! You resist.
* * * LOW HITPOINT WARNING * * *
The orc sorcerer mumbles some strange words.
The orc sorcerer casts a spell at you. The bolt of negative energy hits you!!
You feel drained.
You die...

.................................
......#..........................
#..........#...###...............
............#.###................
..............o.##.......##......
..............o..#.............
).).....<[...4o8.8.8.#...##....
.............o3.⌠.§.#....##....
..........).4o.8@∩.8##........#
..........#..#..⌠.⌠....<.#...##
......##.#...#.8.8.8...####.##
............##..#.##.### ..#
................###### ..#
§...##.##...##.## ##
#..#######.##### ####


You could see a hellwing (summoned), a sixfirhy (summoned), 3 orc sorcerers, a
red devil (summoned) and 2 orc warriors.

Vanquished Creatures
  Jorgrun (D:12)
  Rupert (Lair:4)
  Gastronok (Lair:1)
  2 orc warlords (Orc:1)
  An ironbound preserver (D:13)
  Azrael (D:12)
  Harold (D:7)
  A boulder beetle (D:12)
  9 hydras
  A vault guard (D:13)
  Erolcha (D:10)
  4 centaur warriors
  3 catoblepae
  A death knight (D:13)
  6 two-headed ogres
  13 death yaks
  2 orc high priests (Orc:2)
  Urug (D:12)
  Pikel (D:7)
  4 deep elf pyromancers
  3 orc sorcerers
  4 orc knights
  An oklob plant (Lair:6)
  5 ugly things
  A wolf spider (Lair:6)
  2 manticores (D:13)
  12 black mambas
  A guardian serpent (Lair:6)
  Maurice (Orc:2)
  11 elephants (Lair:6)
  15 cane toads
  Maggie (D:7)
  2 gargoyles (D:11)
  A torpor snail (Lair:6)
  3 yaktaurs (D:13)
  2 kobold demonologists (D:6)
  3 unseen horrors
  9 komodo dragons
  6 trolls
  9 polar bears (Lair:6)
  3 hornets
  13 blink frogs
  6 slime creatures
  2 raiju (Lair:6)
  4 dream sheep (Lair:3)
  62 yaks
  4 redbacks (Lair:6)
  2 wraiths
  22 wyverns
  7 basilisks
  A fire elemental (D:12)
  7 vampire mosquitoes (D:12)
  A naga (Lair:3)
  7 wargs
  Edmund (D:5)
  An acid dragon (D:13)
  19 hell hounds
  Duvessa (D:6)
  22 water moccasins
  3 ice beasts
  27 orc warriors
  A sky beast (D:6)
  17 black bears
  13 ogres
  3 centaurs
  32 wolves
  A phantom (D:5)
  4 lemures (D:7)
  2 kobold brigands
  13 bullfrogs
  2 scorpions
  Dowan (D:6)
  A water moccasin zombie (D:5)
  A wyvern skeleton (D:6)
  A water moccasin skeleton (D:4)
  9 killer bees
  5 howler monkeys
  2 bullfrog zombies
  2 centaur zombies
  2 jellies (D:8)
  A centaur skeleton (D:6)
  20 orc priests
  A bullfrog skeleton (D:4)
  6 hounds
  4 iguanas
  Natasha (D:4)
  23 orc wizards
  A killer bee zombie (D:8)
  A mummy (D:5)
  8 adders
  2 shadow imps
  2 white imps
  An adder skeleton (D:4)
  A worm (D:2)
  4 dart slugs
  74 orcs
  5 endoplasms
  2 giant cockroaches (D:1)
  11 goblins
  9 hobgoblins
  9 jackals
  5 quokkas
  8 ball pythons
  4 bats
  A frilled lizard (D:1)
  19 kobolds
  4 rats
701 creatures vanquished.

Vanquished Creatures (others)
  An orc (D:7)
  73 fungi
  159 plants
233 creatures vanquished.

Grand Total: 934 creatures vanquished

Notes
Turn   | Place    | Note
-------+----------+-------------------------------------------
     0 | D:1      | Swapper the Minotaur Berserker began the quest for the Orb.
     0 | D:1      | Reached XP level 1. HP: 19/19 MP: 0/0
    70 | D:1      | Found a faded altar of an unknown god.
   143 | D:1      | Reached XP level 2. HP: 25/27 MP: 1/1
   177 | D:1      | Reached skill level 4 in Axes
   412 | D:1      | Reached XP level 3. HP: 33/33 MP: 2/2
  1139 | D:2      | Reached ** piety under Trog
  1205 | D:2      | Reached XP level 4. HP: 40/40 MP: 3/3
  1418 | D:2      | Found an iron altar of Okawaru.
  2835 | D:4      | Reached skill level 5 in Axes
  2835 | D:4      | Reached XP level 5. HP: 47/47 MP: 4/4
  2913 | D:4      | Noticed an ogre
  2976 | D:3      | Killed an ogre
  3084 | D:4      | Noticed an orc warrior
  3089 | D:4      | Reached XP level 6. HP: 33/53 MP: 5/5
  3091 | D:4      | Reached skill level 1 in Evocations
  3110 | D:4      | Killed an orc warrior
  3192 | D:4      | Reached XP level 7. HP: 60/60 MP: 6/6
  3660 | D:4      | Reached *** piety under Trog
  3764 | D:4      | Noticed Natasha
  3793 | D:4      | Killed Natasha
  3853 | D:4      | Reached skill level 5 in Evocations
  4069 | D:5      | Entered Level 5 of the Dungeon
  4176 | D:5      | Reached skill level 6 in Axes
  4221 | D:5      | Found Raudesha's Antique Weapon Boutique.
  4261 | D:5      | Reached skill level 5 in Fighting
  4364 | D:5      | Noticed Edmund
  4376 | D:5      | Killed Edmund
  4377 | D:5      | Reached XP level 8. HP: 68/68 MP: 7/7
  4429 | D:5      | Found a staircase to the Ecumenical Temple.
  4479 | D:5      | Reached skill level 7 in Axes
  4504 | D:5      | Reached skill level 5 in Armour
  4833 | D:5      | Found a snail-covered altar of Cheibriados.
  5180 | D:6      | Noticed Duvessa
  5180 | D:6      | Noticed Dowan
  5189 | D:6      | Killed Duvessa
  5190 | D:6      | Reached skill level 8 in Axes
  5197 | D:6      | Killed Dowan
  5198 | D:6      | Reached skill level 5 in Dodging
  5333 | D:6      | Noticed a kobold demonologist
  5342 | D:6      | Killed a kobold demonologist
  5343 | D:6      | Reached XP level 9. HP: 74/78 MP: 8/8
  5574 | D:6      | Reached skill level 9 in Axes
  5660 | D:6      | Noticed a kobold demonologist
  5664 | D:6      | Noticed a rust devil
  5664 | D:6      | Killed a kobold demonologist
  6109 | D:7      | Found a white marble altar of Elyvilon.
  6253 | D:7      | Found an iron altar of Okawaru.
  6259 | D:7      | Reached **** piety under Trog
  6260 | D:7      | Noticed Maggie
  6287 | D:7      | Killed Maggie
  6288 | D:7      | Reached skill level 10 in Axes
  6446 | D:7      | Noticed Pikel
  6462 | D:7      | Killed Pikel
  6529 | D:7      | Noticed Harold
  6548 | D:7      | Killed Harold
  6549 | D:7      | Reached XP level 10. HP: 78/88 MP: 9/9
  6955 | D:8      | Found a broken altar of Ashenzari.
  7096 | D:8      | Reached skill level 11 in Axes
  7228 | D:8      | Found an ancient bone altar of Kikubaaqudgha.
  7543 | D:8      | Found a glowing silver altar of Zin.
  7543 | D:8      | Found an opulent altar of Gozag.
  7605 | D:8      | Found a stormy altar of Qazlal.
  8000 | D:9      | Reached skill level 12 in Axes
  9052 | D:10     | Entered Level 10 of the Dungeon
  9174 | D:10     | Noticed a two-headed ogre
  9179 | D:10     | Killed a two-headed ogre
  9180 | D:10     | Reached XP level 11. HP: 97/97 MP: 10/10
  9226 | D:10     | Found a staircase to the Orcish Mines.
  9356 | D:10     | Noticed Erolcha
  9363 | D:10     | Killed Erolcha
  9559 | D:10     | Noticed a two-headed ogre
  9566 | D:10     | Killed a two-headed ogre
  9567 | D:10     | Reached skill level 13 in Axes
  9619 | D:10     | Found an ornate altar of the Wu Jian Council.
  9622 | D:10     | Found a basalt altar of Yredelemnul.
  9634 | D:10     | Found a sacrificial altar of Ru.
  9642 | D:10     | Found a hide-covered altar of Uskayaw.
  9893 | D:10     | Found a burning altar of Makhleb.
 10075 | D:11     | Reached skill level 10 in Fighting
 10111 | D:11     | Reached ***** piety under Trog
 10136 | D:11     | Found a staircase to the Lair.
 10498 | D:11     | Reached skill level 10 in Armour
 10637 | D:11     | Found Tiwyreil's Magic Scroll Shop.
 10645 | D:11     | Bought a scroll of blinking for 97 gold pieces
 10645 | D:11     | Bought a scroll of teleportation for 39 gold pieces
 10694 | D:11     | Noticed a purple ugly thing
 10704 | D:11     | Killed a purple ugly thing
 11518 | D:12     | Noticed Urug
 11543 | D:12     | Killed Urug
 11614 | D:12     | Noticed a deep elf pyromancer
 11626 | D:12     | Killed a deep elf pyromancer
 11681 | D:12     | Noticed Jorgrun
 11694 | D:12     | Identified the +5 long sword of Tension {vorpal, rF- Dex+5}
 11723 | D:12     | Killed Jorgrun
 11724 | D:12     | Reached skill level 14 in Axes
 11724 | D:12     | Reached XP level 12. HP: 99/108 MP: 11/11
 12112 | D:12     | Noticed a seven-headed hydra
 12118 | D:12     | Killed a seven-headed hydra
 12320 | D:12     | Noticed Azrael
 12328 | D:12     | Reached skill level 10 in Dodging
 12343 | D:12     | Killed Azrael
 12494 | D:12     | Noticed a boulder beetle
 12510 | D:12     | Killed a boulder beetle
 12511 | D:12     | Reached skill level 15 in Axes
 12758 | D:12     | Noticed a two-headed ogre
 12763 | D:12     | Killed a two-headed ogre
 13043 | D:13     | Noticed a centaur warrior
 13051 | D:13     | Killed a centaur warrior
 13369 | D:13     | Noticed a centaur warrior
 13799 | D:13     | Noticed a vault guard
 13824 | D:13     | Killed a vault guard
 13825 | D:13     | Reached XP level 13. HP: 91/117 MP: 12/12
 13828 | D:13     | Found a portal to a secret trove of treasure.
 15043 | D:13     | Reached skill level 16 in Axes
 15055 | D:13     | Noticed an ironbound preserver
 15109 | D:13     | Killed an ironbound preserver
 15487 | D:13     | Found a gate to the Vaults.
 15529 | D:13     | Found Utad's Assorted Antiques.
 15771 | Orc:1    | Entered Level 1 of the Orcish Mines
 15771 | Orc:1    | Noticed an orc warlord
 15771 | Orc:1    | Found a flagged portal.
 15840 | Lair:1   | Entered Level 1 of the Lair of Beasts
 16145 | Lair:1   | Noticed Gastronok
 16162 | Lair:1   | Killed Gastronok
 16704 | Lair:2   | Found a staircase to the Swamp.
 16850 | Lair:2   | Reached skill level 17 in Axes
 17870 | Lair:3   | Received a gift from Trog
 18349 | Lair:3   | Reached XP level 14. HP: 115/129 MP: 13/13
 18633 | Lair:3   | Found a staircase to the Snake Pit.
 19224 | Lair:4   | Noticed Rupert
 19231 | Lair:4   | Paralysed by Rupert for 3 turns
 19247 | Lair:4   | Killed Rupert
 20377 | Lair:4   | Reached skill level 18 in Axes
 20837 | Lair:5   | Found an iron altar of Okawaru.
 21094 | Lair:5   | Found a staircase to the Slime Pits.
 21094 | Lair:5   | Found a viscous altar of Jiyva.
 21673 | Lair:6   | Entered Level 6 of the Lair of Beasts
 22926 | Lair:6   | Reached XP level 15. HP: 139/139 MP: 14/14
 22936 | Lair:6   | Reached ****** piety under Trog
 22936 | Lair:6   | Received a gift from Trog
 23084 | Lair:6   | Found a blossoming altar of Fedhas.
 23727 | Lair:6   | Reached skill level 15 in Fighting
 23857 | Lair:6   | Reached skill level 15 in Armour
 24796 | D:10     | Received a gift from Trog
 25253 | Orc:1    | You fall into a shaft and drop 1 floor!
 25253 | Orc:2    | Entered Level 2 of the Orcish Mines
 25284 | Orc:2    | Found Pikusuxa's Distillery.
 25313 | Orc:2    | Bought a potion of heal wounds for 85 gold pieces
 25313 | Orc:2    | Bought a potion of haste for 170 gold pieces
 25365 | Orc:1    | Noticed an orc warlord
 25405 | Orc:2    | Found Yrutagis's Antique Weapon Shoppe.
 25843 | Orc:1    | Killed an orc warlord
 26321 | Orc:1    | Killed an orc warlord
 26330 | Orc:1    | Received a gift from Trog
 26709 | Orc:2    | Found a staircase to the Elven Halls.
 26835 | Orc:2    | Found Xon Bykh's Distillery.
 26845 | Orc:2    | Bought a potion of heal wounds for 55 gold pieces
 26845 | Orc:2    | Bought a potion of haste for 110 gold pieces
 26845 | Orc:2    | Bought a potion of curing for 33 gold pieces
 26859 | Orc:2    | Paralysed by an orc sorcerer for 5 turns
 27020 | Orc:2    | Noticed Maurice
 27056 | Orc:2    | Killed Maurice
 27170 | Orc:2    | Killed from afar by an orc sorcerer

Illustrated notes

Levels and vault maps discovered:
D:1:      dpeg_arrival_three_same_balls, layout_basic,
          ebering_ecumenical_altar_hall
D:2:      mumra_celtic_spiral_tile, layout_loops_corners, basic_altar
D:3:      layout_loops_ring
D:4:      layout_gridville, minmay_misc_feat_columns, uniq_natasha
D:5:      layout_basic, chei_slow_surprise, minmay_temple_entry_trees,
          serial_shops, nicolae_take_the_stairs,
          minmay_fractal_squares_gapless_5, uniq_edmund
D:6:      layout_loops_ring, wad_rectangle_vault, uniq_duvessa
D:7:      layout_loops_ring, okawaru_gym_becter, mainiacjoe_overflow_catwalk,
          uniq_maggie, uniq_pikel, uniq_harold
D:8:      layout_loops_cross, grunt_temple_overflow_gold_and_silver,
          nicolae_ashenzari_skybound, nicolae_kikubaaqudgha_miasma_corner,
          marbit_many_paths, chequers_serial_rivers_micro_a
D:9:      layout_stronghold
D:10:     layout_loops_ring, lemuel_coloured_pillars_altar,
          grunt_temple_overflow_cloverleaf, orc_0_dummy, uniq_erolcha
D:11:     layout_basic, minmay_lair_entry_grove, serial_shops, shop
D:12:     layout_basic, uniq_azrael, uniq_jorgrun, uniq_urug
D:13:     layout_basic, skrybe_vaults_entry_preservation, serial_curves,
          eino_curves_03, eino_curves_04, enter_trove_5, serial_shops,
          shop_statue, lemuel_another_geyser
Lair:1:   layout_chaotic_city, lemuel_fruit_fields, infiniplex_staircase_pool_2,
          uniq_gastronok
Lair:2:   layout_small_grid, swamp_mist, patterned_corridor
Lair:3:   layout_loops_ring, minmay_snake_entry_guardpost_small
Lair:4:   layout_regular_city, kennysheep_basilisk_garden, grunt_megastairs_1,
          uniq_rupert
Lair:5:   layout_long_grid, slime_altar_1, basic_altar,
          chequers_serial_rivers_room_b, grunt_megastairs_3
Lair:6:   hangedman_lair_tendril_chambers, layout_regular_city,
          hangedman_lair_caniforms_friends, grunt_forest_stairs_basic,
          tgw_fedhas
Orc:1:    layout_caves, enter_bailey_5, basic_altar
Orc:2:    st_orc_elflike, layout_caves, serial_shops, nicolae_lakefront_shop,
          nicolae_square_shop, nicolae_shop_temple_entry_statues_fountains,
          uniq_maurice

Skill      XL: |  1  2  3  4  5  6  7  8  9 10 11 12 13 14 15 |
---------------+----------------------------------------------+-----
Axes           | 4 5 6 8 10 12 14 15 17 18 | 18.0
Fighting       | 4 5 6 8 9 10 11 13 14 15 | 15.7
Armour         | 3 4 6 7 9 10 11 12 14 15 | 15.6
Dodging        | 3 4 5 7 8 9 10 11 13 14 | 14.4
Evocations     | 3 5 6 |  6.9

Action                   |  1- 3 |  4- 6 |  7- 9 | 10-12 | 13-15 || total
-------------------------+-------+-------+-------+-------+-------++-------
Melee: Hand axe          |    89 |    78 |       |       |       ||   167
       Headbutt          |    11 |    16 |    47 |   134 |   348 ||   556
       War axe           |       |     7 |    98 |       |       ||   105
       Flail             |       |       |   166 |   494 |   829 ||  1489
       Long sword        |       |       |       |     9 |       ||     9
       Broad axe         |       |       |       |       |   282 ||   282
       Executioner's axe |       |       |       |       |   188 ||   188
Throw: Stone             |    13 |       |       |       |       ||    13
       Dart              |       |       |    11 |     5 |       ||    16
Invok: Berserk           |       |     4 |     6 |    16 |    29 ||    55
       Trog's Hand       |       |     1 |     4 |     2 |    15 ||    22
Evoke: Wand              |       |       |     1 |     3 |     6 ||    10
  Use: Scroll            |       |     1 |     8 |     4 |     8 ||    21
       Potion            |       |       |     3 |     1 |     4 ||     8
 Stab: Petrifying        |       |       |       |       |     1 ||     1
Armor: Animal skin       |     2 |       |       |       |       ||     2
       Chain mail        |    46 |    36 |       |       |       ||    82
       Plate armour      |       |     8 |   198 |   295 |   669 ||  1170
Dodge: Dodged            |    45 |    41 |    98 |   193 |   877 ||  1254
Block: Other             |       |       |       |     6 |   294 ||   300
       Reflection        |       |       |       |     1 |    10 ||    11
       Rpst.: Long sword |       |       |       |     3 |       ||     3

Table legend: (Time is in decaauts)
 A = Elapsed time spent in this place.
 B = Non-inter-level travel time spent in this place.
 C = Inter-level travel time spent in this place.
 D = Time resting spent in this place.
 E = Time spent auto-exploring this place.
 F = Levels seen in this place.
 G = Mean time per level.
                   A        B        C        D        E       F      G
               +--------+--------+--------+--------+--------+-----+--------+
         Total |  27500 |  26214 |   1286 |   5947 |  13866 |  21 | 1309.5 |
       Dungeon |  16647 |  15589 |   1058 |   3324 |   8627 |  13 | 1280.5 |
          Lair |   8874 |   8658 |    216 |   2029 |   4574 |   6 | 1479.0 |
  Orcish Mines |   1979 |   1967 |     12 |    593 |    665 |   2 |  989.5 |
               +--------+--------+--------+--------+--------+-----+--------+

Top non-repeatable levels by time:
    D:12: 2581 daAuts
  Lair:6: 2540 daAuts
  Lair:4: 1721 daAuts
    D:13: 1715 daAuts
    D:10: 1579 daAuts
    D:11: 1537 daAuts
  Lair:2: 1406 daAuts
     D:2: 1322 daAuts
     D:4: 1307 daAuts
  Lair:5: 1280 daAuts
     D:9: 1272 daAuts
     D:6: 1141 daAuts
   Orc:2: 1130 daAuts
  Lair:3: 1074 daAuts
     D:5: 877 daAuts
